 Dungeon Crawl Stone Soup version 0.31-a0-229-g1fc7ce93e2 (webtiles) character file.

Game seed: 17900300078076852854

101 qw the Shooter (level 4, -1/26 HPs)
             Began as a Gargoyle Hexslinger on July 6, 2023.
             Slain by an orc
             ... wielding a +0 mace
              (5 damage)
             ... on level 3 of the Dungeon.
             The game lasted 00:00:51 (1962 turns).

qw the Shooter (Gargoyle Hexslinger)                Turns: 1962, Time: 00:00:51

Health: -1/26      AC:  6    Str: 11    XL:     4   Next: 75%
Magic:  5/5        EV: 11    Int: 14    God:
Gold:   73         SH:  0    Dex: 14    Spells: 4/5 levels left

rFire   . . .        Y - +1 sling
rCold   . . .        (no shield)
rNeg    + . .        h - +0 leather armour
rPois   inf          (no helmet)
rElec   +            (no cloak)
rCorr   .            (no gloves)
SInv    .            (no boots)
Will    .....        (no amulet)
Stlth   +            (no ring)
HPRegen 0.24/turn    (no ring)
MPRegen 0.09/turn

%: no passive effects
@: about to teleport
A: sickness immunity, AC +3, negative energy resistance 1, electricity
resistance, torment resistance 1, petrification resistance
a: no special abilities


You were on level 3 of the Dungeon.
You visited 1 branch of the dungeon, and saw 3 of its levels.

You collected 73 gold pieces.


Innate Abilities, Weirdness & Mutations

You are immune to sickness and miasma.
Your stone body is resilient. (AC +3)
You are immune to poison.
You resist negative energy. (rN+)
You are resistant to electric shocks. (rElec)
You are resistant to unholy torment.
You are immune to petrification.


   Skills:
 - Level 2.0 Fighting
 + Level 4.5 Ranged Weapons
 - Level 1.5 Dodging
 - Level 1.0 Spellcasting
 - Level 2.6 Hexes


You had 4 spell levels left.
You knew the following spells:

 Your Spells              Type           Power      Damage    Failure   Level
a - Slow                  Hex            32%        N/A       12%         1

Your spell library contained the following spells:

 Spells                   Type           Power      Damage    Failure   Level
 Inner Flame              Hex/Fire       4%         N/A       52%         3
 Portal Projectile        Hex/Tloc       8%         N/A       52%         3
 Cause Fear               Hex            4%         N/A       75%         4

Inventory:

Hand Weapons
 Y - a +1 sling (weapon)
Armour
 h - a +0 leather armour (worn)
Scrolls
 a - 2 scrolls of teleportation
 d - a scroll of enchant armour {unknown}
 f - a scroll of identify
Potions
 b - a potion of enlightenment {unknown}
 c - a potion of mutation {unknown}
 e - a potion of heal wounds {unknown}
 g - a potion of invisibility {unknown}
 i - 2 potions of might {unknown}
 j - a potion of resistance {unknown}

Dungeon Overview and Level Annotations

Branches:
Dungeon (3/15)

Altars:
Fedhas

Annotations:
D:3 1 runed translucent door, Crazy Yiuf


Message History

The endoplasm hits you but does no damage.
You shoot a sling bullet.
The sling bullet hits the orc but does no damage.
The orc closely misses you. The endoplasm freezes you.
You are frozen.
You shoot a sling bullet.
The sling bullet closely misses the orc.
The orc barely misses you. The orc hits you but does no damage.
The endoplasm freezes you.
You are frozen.
The orc barely misses you. The orc hits you with a +0 mace.
The endoplasm barely misses you. The orc misses you.
The orc completely misses you.
You shoot a sling bullet. The sling bullet hits the orc.
The orc is heavily wounded.
A ball python comes into view.
The orc hits you with a +0 falchion. The orc barely misses you.
The orc hits you with a +0 mace.
The endoplasm hits you but does no damage.
An orc comes into view. It is wielding a +0 dagger.
The ball python moves out of view.
You shoot a sling bullet. The sling bullet hits the orc.
You kill the orc!
The orc hits you with a +0 mace. The endoplasm misses you.
The orc closely misses you.
You shoot a sling bullet. The sling bullet hits the orc.
The orc is severely wounded.
The orc hits you but does no damage. The orc hits you with a +0 mace.
The endoplasm freezes you.
You are frozen.
1961 ||| READING 3 scrolls of teleportation.
As you read the scroll of teleportation, it crumbles to dust.
You feel strangely unstable. The orc hits you but does no damage.
The orc barely misses you. The endoplasm closely misses you.
You shoot a sling bullet.
The sling bullet barely misses the orc. x2
The orc closely misses you.
The endoplasm hits you but does no damage.
The orc hits you with a +0 mace.
You die...

...##..## ##.. #.
#.#..## ######. #.
#...#####...... #.
#.....>...####. #.
#.##....### #.
#.###....##.# ###.
#......####.####.).
###.....##
#......#. #..J@)###
#####..#.
......oo##
#.....##. ...###.o#
#.###.... .. #..#
####. #.)# #. #$.#
#. #... #. #.## #.
......


You could see 3 orcs and an endoplasm.

Vanquished Creatures
  3 adders
  3 worms (D:2)
  A dart slug (D:2)
  5 orcs (D:3)
  2 endoplasms
  6 giant cockroaches
  5 goblins
  6 hobgoblins
  3 quokkas
  8 ball pythons
  4 bats
  2 frilled lizards
  5 kobolds
  5 rats
58 creatures vanquished.

Notes
Turn   | Place    | Note
-------+----------+-------------------------------------------
     0 | D:1      | qw the Gargoyle Hexslinger began the quest for the Orb.
     0 | D:1      | Reached XP level 1. HP: 12/12 MP: 2/2
     0 | D:1      | 0 ||| qw: Version: 0.3-a-46-gb1f654a
     0 | D:1      | 0 ||| qw: Game counter: 1528
     0 | D:1      | 0 ||| qw: Melee chars always use a shield: true
     0 | D:1      | 0 ||| qw: God list: Okawaru
     0 | D:1      | 0 ||| qw: Allow faded altars: false
     0 | D:1      | 0 ||| qw: Do Orc after clearing Dungeon:15 true
     0 | D:1      | 0 ||| qw: Do second Lair branch before Depths: true
     0 | D:1      | 0 ||| qw: Lair rune preference: random
     0 | D:1      | 0 ||| qw: Goals: Normal
     0 | D:1      | 0 ||| PLANNING D:1-11
   167 | D:1      | Reached XP level 2. HP: 15/16 MP: 3/3
   384 | D:1      | Reached skill level 3 in Ranged Weapons
   583 | D:1      | Reached XP level 3. HP: 20/21 MP: 4/4
   906 | D:1      | 906 ||| DROPPING scroll of poison.
   956 | D:2      | 956 ||| FLEEEEING.
   957 | D:2      | 957 ||| FLEEEEING.
   958 | D:2      | 958 ||| FLEEEEING.
  1160 | D:2      | Reached XP level 4. HP: 26/26 MP: 5/5
  1201 | D:2      | Found a faded altar of an unknown god.
  1263 | D:2      | Reached skill level 4 in Ranged Weapons
  1266 | D:2      | You fall into a shaft and drop 1 floor!
  1315 | D:3      | Found a runed translucent door.
  1316 | D:3      | Noticed Crazy Yiuf
  1370 | D:3      | 1370 ||| UPGRADING to +0 leather armour.
  1380 | D:3      | 1380 ||| DROPPING +0 robe.
  1381 | D:3      | 1381 ||| DROPPING ring of flight.
  1382 | D:3      | 1382 ||| READING scroll labelled XUCRUI UNEP.
  1386 | D:3      | 1386 ||| READING 2 scrolls labelled MORRYTW EQULU.
  1597 | D:2      | 1597 ||| READING scroll labelled XAMPISEQEM.
  1698 | D:2      | 1698 ||| DRINKING 2 smoky blue potions.
  1803 | D:2      | 1803 ||| DROPPING potion of berserk rage.
  1885 | D:3      | Found a blossoming altar of Fedhas.
  1960 | D:3      | HP: 5/26 [orc/+0 mace (3)]
  1961 | D:3      | 1961 ||| READING 3 scrolls of teleportation.
  1962 | D:3      | Slain by an orc

Levels and vault maps discovered:
D:1:      ldierk_walled_garden, layout_basic
D:2:      layout_rooms, shapermc_ecumenical_altar_mp_highgroup,
          chequers_serial_rivers_micro_a
D:3:      layout_rooms, fedhas_altar_4, uniq_crazy_yiuf_cottage, uniq_ijyb

Skill      XL: |  1  2  3  4 |
---------------+-------------+-----
Ranged Weapons | 3 4 |  4.5
Fighting       | 2 |  2.0
Dodging        | |  1.5
Spellcasting   | |  1.0
Hexes          | |  2.6

Action                     |  1- 3 |  4- 6 || total
---------------------------+-------+-------++-------
   Fire: Sling             |   133 |    81 ||   214
    Use: Scroll            |       |     4 ||     4
         Potion            |       |     1 ||     1
 Armour: Robe              |    11 |     3 ||    14
         Leather armour    |       |    18 ||    18
  Dodge: Dodged            |    28 |    31 ||    59

Table legend:
 A = Non-vault XP
 B = Vault XP
 C = Vault XP percentage of total XP
 D = Non-vault monster count
 E = Vault monster count
 F = Vault count percentage of total count
                 A         B        C        D         E       F
            +---------+---------+-------+---------+---------+-------
      Total |     145 |       0 |   0.0 |      58 |       0 |   0.0
            +---------+---------+-------+---------+---------+-------
        D:1 |      43 |       0 |   0.0 |      27 |       0 |   0.0
        D:2 |      51 |       0 |   0.0 |      17 |       0 |   0.0
        D:3 |      51 |       0 |   0.0 |      14 |       0 |   0.0
            +---------+---------+-------+---------+---------+-------
